 Dungeon Crawl Stone Soup version 0.31-a0-185-g9dded2c639 (webtiles) character file.

Game seed: 5451074827513517471

80 qw the Shooter (level 4, 0/25 HPs)
             Began as a Deep Elf Hunter on June 22, 2023.
             Succumbed to their own poison gas
             ... on level 2 of the Dungeon.
             The game lasted 00:00:31 (1554 turns).

qw the Shooter (Deep Elf Hunter)                    Turns: 1554, Time: 00:00:31

Health: 0/25       AC:  4    Str: 10    XL:     4   Next: 18%
Magic:  6/6        EV: 12    Int: 14    God:
Gold:   117        SH:  0    Dex: 18    Spells: 3/3 levels left

rFire   . . .        Y - +1 shortbow
rCold   . . .        (shield currently unavailable)
rNeg    . . .        c - +0 leather armour
rPois   .            (no helmet)
rElec   .            (no cloak)
rCorr   .            g - +0 pair of gloves
SInv    .            (no boots)
Will    .....        (no amulet)
Stlth   ++           (no ring)
HPRegen 0.24/turn    (no ring)
MPRegen 0.10/turn

%: no passive effects
@: lethally poisoned (0 -> -5)
A: no striking features
a: no special abilities


You were on level 2 of the Dungeon.
You visited 1 branch of the dungeon, and saw 2 of its levels.

You collected 117 gold pieces.


   Skills:
 - Level 1.5 Fighting
 + Level 7.6 Ranged Weapons
 - Level 2.4 Dodging
 - Level 1.2 Stealth


You had 3 spell levels left.
You didn't know any spells.
Your spell library was empty.

Inventory:

Hand Weapons
 Y - a +1 shortbow (weapon)
Armour
 c - a +0 leather armour (worn)
 g - a +0 pair of gloves (worn)
Scrolls
 a - a scroll of identify
Potions
 b - a potion of enlightenment
 d - a potion of attraction {unknown}
 e - a potion of berserk rage {unknown}
 f - a potion of cancellation {unknown}
 k - a potion of heal wounds {unknown}

Dungeon Overview and Level Annotations

Branches:
Dungeon (2/15)

Altars:


Message History

Done exploring.
1546 ||| READING scroll labelled BEWUQANYICS.
Blink to where?
Press: ? - help, Dir - move target, f - you Are you sure you want to cancel this blink?
As you read the scroll labelled BEWUQANYICS, it crumbles to dust.
It was a scroll of blinking.
Done exploring.
1547 ||| READING 2 scrolls of identify.
As you read the scroll of identify, it crumbles to dust.
b - a potion of enlightenment;
1547 ||| IDENTIFYING smoky black potion Done exploring.
(D) Dungeon
Where to? (* - list waypoints, Enter - D:2, ? - help)
What level of the Dungeon? (default 1, ? - help) Sorry, I don't know how to get there.
Enter note:
Enter note:
Enter note:
Enter note:
Enter note:
Enter note:
Enter note:
Enter note:
Enter note: Really walk into that cloud of poison gas?
You are engulfed in poison gas.
You are poisoned.
You feel very sick.
1549 ||| Stepping ~*~*~tactically~*~*~ (cloud).
You feel very sick.
There is a lethal amount of poison in your body!
You feel very sick.
There is a lethal amount of poison in your body!
You feel sick.
There is a lethal amount of poison in your body!
You feel sick.
There is a lethal amount of poison in your body!
You feel sick.
There is a lethal amount of poison in your body!
You die...

############### ###############
############### ###############
############### ###############
#######################
#........0¤000¤@#######
#.#############0####### #.#
#######¤####### #.#
###########0####### #.#
#.....#####0#######
##.###.###.#####¤#######
.......# #.#####¤#######
.......###.####00##############
...........>..................#


There were no monsters in sight!

Vanquished Creatures
  3 adders (D:2)
  2 dart slugs
  7 ball pythons
  3 bats (D:1)
  6 endoplasms
  3 giant cockroaches
  2 goblins
  6 hobgoblins
  A jackal (D:2)
  2 kobolds (D:1)
  2 quokkas
  4 frilled lizards
  4 rats
45 creatures vanquished.

Notes
Turn   | Place    | Note
-------+----------+-------------------------------------------
     0 | D:1      | qw the Deep Elf Hunter began the quest for the Orb.
     0 | D:1      | Reached XP level 1. HP: 12/12 MP: 3/3
     0 | D:1      | 0 ||| qw: Version: 0.3-a-9-g12657ce
     0 | D:1      | 0 ||| qw: Game counter: 1715
     0 | D:1      | 0 ||| qw: Always use a shield: true
     0 | D:1      | 0 ||| qw: God list: Okawaru
     0 | D:1      | 0 ||| qw: Allow faded altars: false
     0 | D:1      | 0 ||| qw: Do Orc after D:15 true
     0 | D:1      | 0 ||| qw: Do second Lair branch before Depths: true
     0 | D:1      | 0 ||| qw: Lair rune preference: random
     0 | D:1      | 0 ||| qw: Plans: Normal
     0 | D:1      | 0 ||| PLANNING D:1-11
   120 | D:1      | 120 ||| READING 2 scrolls labelled YXIREI WIRAUBO.
   121 | D:1      | 121 ||| READING scroll labelled DOOCO NENUPRAX.
   122 | D:1      | 122 ||| READING scroll labelled WUGRUUTREORR.
   184 | D:1      | Reached XP level 2. HP: 16/16 MP: 4/4
   187 | D:1      | Reached skill level 6 in Ranged Weapons
   639 | D:1      | Reached XP level 3. HP: 20/20 MP: 5/5
  1023 | D:1      | 1023 ||| UPGRADING to +0 pair of gloves.
  1028 | D:1      | 1028 ||| READING scroll labelled YSORCH SOCABYED.
  1029 | D:1      | 1029 ||| READING scroll labelled ZULOSU WUUTH.
  1030 | D:1      | 1030 ||| DROPPING scroll of butterflies.
  1098 | D:2      | Reached skill level 7 in Ranged Weapons
  1341 | D:2      | Reached XP level 4. HP: 24/25 MP: 6/6
  1544 | D:2      | 1544 ||| READING scroll labelled NEEPIB UKHIC.
  1545 | D:2      | 1545 ||| READING scroll labelled IMUMIH MADWIZ.
  1546 | D:2      | 1546 ||| READING scroll labelled BEWUQANYICS.
  1547 | D:2      | 1547 ||| READING 2 scrolls of identify.
  1547 | D:2      | 1547 ||| IDENTIFYING smoky black potion
  1549 | D:2      | 1549 ||| Stepping ~*~*~tactically~*~*~ (cloud).
  1550 | D:2      | HP: 6/25 [poisoned by you (poison gas)]
  1552 | D:2      | HP: 2/25 [poisoned by you (poison gas)]
  1554 | D:2      | Succumbed to their own poison gas

Levels and vault maps discovered:
D:1:      dpeg_chamrin_arrival_tetris, layout_loops_corners,
          reono_crystal_passage, minmay_pentomino_s4
D:2:      minmay_alternating_diamond, layout_loops_ring, minmay_diced_spiral

Skill      XL: |  1  2  3 |
---------------+----------+-----
Ranged Weapons | 6 7 |  7.6
Fighting       | |  1.5
Dodging        | |  2.4
Stealth        | |  1.2

Action                     |  1- 3 |  4- 6 || total
---------------------------+-------+-------++-------
   Fire: Shortbow          |    96 |     7 ||   103
    Use: Scroll            |     5 |     4 ||     9
 Armour: Leather armour    |     8 |       ||     8
  Dodge: Dodged            |    22 |       ||    22

Table legend:
 A = Non-vault XP
 B = Vault XP
 C = Vault XP percentage of total XP
 D = Non-vault monster count
 E = Vault monster count
 F = Vault count percentage of total count
                 A         B        C        D         E       F
            +---------+---------+-------+---------+---------+-------
      Total |      70 |      45 |  39.1 |      34 |      11 |  24.4
            +---------+---------+-------+---------+---------+-------
        D:1 |      42 |       5 |  10.6 |      23 |       3 |  11.5
        D:2 |      28 |      40 |  58.8 |      11 |       8 |  42.1
            +---------+---------+-------+---------+---------+-------
